 Dungeon Crawl Stone Soup version 0.31-a0-446-g07c4bd200f (webtiles) character file.

Game seed: 18256466522827415148

2594617 Winged the Invulnerable (level 26, 266/266 HPs)
             Began as a Minotaur Fighter on Aug 2, 2023.
             Was the Champion of Jiyva.
             Escaped with the Orb
             ... and 4 runes on Aug 3, 2023!
             The game lasted 14:32:53 (58188 turns).

Winged the Invulnerable (Minotaur Fighter)         Turns: 58188, Time: 14:32:53

Health: 266/266    AC: 43    Str: 29    XL:     26   Next: 32%
Magic:  22/22      EV: 18    Int:  3    God:    Jiyva [******]
Gold:   638        SH: 33    Dex: 21    Spells: 25/25 levels left

rFire   + . .        S - +7 demon whip (freeze)
rCold   + + +        I - +1 tower shield
rNeg    + . .        r - +5 gold dragon scales
rPois   +            x - +0 mask of the Dragon {Will+ Slay+3 SInv}
rElec   +            D - +2 cloak
rCorr   +            C - +2 pair of gloves {Dex+3}
SInv    +            (boots unavailable)
Will    ++++.        z - amulet of Equivalence {Reflect rElec rPois Will+ SH+5} Stlth
                     g - +4 ring of slaying
HPRegen 2.24/turn    i - ring "Boannuca" {rN+ Will+}
MPRegen 0.68/turn

%: reflection
@: no status effects
A: horns 2, retaliatory headbutt, talons 3, iridescent scales 1, agile 2, cold
resistance 2, sense surroundings 3, shaggy fur 1, weak 1, translucent skin 1
0: Orb of Zot
}: 4/15 runes: decaying, slimy, silver, gossamer
a: Renounce Religion, Oozemancy, Slimify


You escaped.
You worshipped Jiyva.
Jiyva was exalted by your worship.
You visited 11 branches of the dungeon, and saw 55 of its levels.
You also visited: Ice Cave and Volcano.

You collected 6157 gold pieces.
You spent 5519 gold pieces at shops.

Inventory:

Hand Weapons
 S - a +7 demon whip of freezing (weapon)
Missiles
 j - 14 javelins (quivered)
 o - 5 silver javelins
 U - 22 curare-tipped darts
Armour
 p - the +2 hat of Vehumet's Envy {rF++}
   (You found it on level 3 of the Spider Nest)

   rF:        It greatly protects you from fire.
 r - +5 gold dragon scales (worn)
 x - the +0 mask of the Dragon (worn) {Will+ Slay+3 SInv}
   (You found it on level 4 of the Realm of Zot)

   Slay:      It affects your accuracy & damage with ranged weapons and melee
   (+3).
   SInv:      It lets you see invisible.
   Will:      It increases your willpower.
 C - a +2 pair of gloves of dexterity (worn)
 D - a +2 cloak (worn)
 I - a +1 tower shield (worn)
 N - a +1 pair of boots
Jewellery
 c - a +5 ring of evasion
 g - a +4 ring of slaying (left hand)
 i - the ring "Boannuca" (right hand) {rN+ Will+}
   (You found it on level 3 of the Crypt)

   [ring of positive energy]

   rN:        It protects you from negative energy.
   Will:      It increases your willpower.
 m - a ring of protection from fire
 z - the amulet of Equivalence (around neck) {Reflect rElec rPois Will+ SH+5}
   (You bought it in a shop on level 1 of the Depths)

   [amulet of reflection]

   It reflects blocked missile attacks.
   rElec:     It insulates you from electricity.
   rPois:     It protects you from poison.
   SH:        It affects your SH (+5).
   Will:      It increases your willpower.
 K - a ring of flight
 L - the amulet "Jaofe" {Drain Regen+ Str+5}
   (You found it on level 3 of the Elven Halls)

   [amulet of regeneration]

   Str:       It affects your strength (+5).
   Regen:     It increases your rate of health regeneration.
   Drain:     It drains your maximum health when unequipped.
 T - a ring of protection from cold
 V - a ring of willpower
 Y - a +6 ring of intelligence
 Z - the amulet "Xooniv" {Reflect Rampage Str+6 Int-2 SH+5 SInv}
   (You found it on level 5 of the Pits of Slime)

   [amulet of reflection]

   It reflects blocked missile attacks.
   Str:       It affects your strength (+6).
   Int:       It affects your intelligence (-2).
   SInv:      It lets you see invisible.
   SH:        It affects your SH (+5).
   Rampage:   It bestows one free step when moving towards enemies.
Wands
 a - a wand of polymorph (20)
 k - a wand of flame (83)
 t - a wand of paralysis (31)
 F - a wand of roots (34)
 G - a wand of quicksilver (40)
 O - a wand of mindburst (24)
 P - a wand of digging (13)
Scrolls
 b - 5 scrolls of revelation
 f - 14 scrolls of teleportation
 h - 10 scrolls of fear
 n - 3 scrolls of immolation
 v - a scroll of torment
 w - 3 scrolls of blinking
 M - 3 scrolls of vulnerability
 R - 7 scrolls of poison
Potions
 d - 6 potions of might
 e - 15 potions of curing
 l - 6 potions of invisibility
 q - a potion of mutation
 u - 2 potions of haste
 A - 12 potions of enlightenment
 B - 6 potions of resistance
 E - 9 potions of lignification
 H - 5 potions of heal wounds
 J - 3 potions of ambrosia
Miscellaneous
 y - a phial of floods
 X - a lightning rod (4/4)


   Skills:
 O Level 27 Fighting
 O Level 27 Maces & Flails
 - Level 3.0 Throwing
 O Level 27 Armour
 + Level 17.1 Dodging
 O Level 27 Shields
 - Level 8.0 Evocations


You had 25 spell levels left.
You didn't know any spells.
Your spell library contained the following spells:

 Spells                   Type           Power      Damage    Failure   Level
 Apportation              Tloc           0%         N/A       98%         1
 Necrotise                Necr           0%         1d4       98%         1
 Sandblast                Erth           0%         2d4       98%         1
 Sting                    Tmut/Pois      0%         1d3       98%         1
 Summon Small Mammal      Summ           0%         N/A       98%         1
 Blink                    Tloc           0%         N/A       99%         2
 Cigotuvi's Dreadful Rot  Necr/Pois/Air  0%         N/A       99%         2
 Lesser Beckoning         Tloc           0%         N/A       99%         2
 Momentum Strike          Conj/Tloc      0%         3d8       99%         2
 Poisonous Vapours        Pois/Air       0%         N/A       99%         2
 Dazzling Flash           Conj/Hex       0%         N/A       100%        3
 Gell's Gravitas          Tloc           0%         N/A       100%        3
 Ignite Poison            Fire/Tmut/Pois 0%         N/A       100%        3
 Inner Flame              Hex/Fire       0%         N/A       100%        3
 Mephitic Cloud           Conj/Pois/Air  0%         N/A       100%        3
 Ozocubu's Armour         Ice            0%         N/A       100%        3
 Teleport Other           Tloc           0%         N/A       100%        3
 Vhi's Electric Charge    Tloc/Air       0%         N/A       100%        3
 Volatile Blastmotes      Fire/Tloc      0%         2d10      100%        3
 Animate Armour           Summ/Erth      0%         N/A       100%        4
 Animate Dead             Necr           0%         N/A       100%        4
 Dispel Undead            Necr           0%         3d6       100%        4
 Fulminant Prism          Conj/Hex       0%         3d5       100%        4
 Iskenderun's Mystic Bla  Conj/Tloc      0%         2d3       100%        4
 Leda's Liquefaction      Hex/Erth       0%         N/A       100%        4
 Manifold Assault         Tloc           0%         N/A       100%        4
 Olgreb's Toxic Radiance  Pois           0%         N/A       100%        4
 Passage of Golubria      Tloc           0%         N/A       100%        4
 Petrify                  Tmut/Erth      0%         N/A       100%        4
 Sticky Flame             Conj/Fire      0%         2d3       100%        4
 Agony                    Necr           0%         N/A       100%        5
 Arcjolt                  Conj/Air       0%         1d10      100%        5
 Borgnjor's Vile Clutch   Necr/Erth      0%         N/A       100%        5
 Fireball                 Conj/Fire      0%         3d3       100%        5
 Freezing Cloud           Conj/Ice/Air   0%         6-21      100%        5
 Iskenderun's Battlesphe  Conj           0%         2d6       100%        5
 Lee's Rapid Deconstruct  Erth           0%         3d4*      100%        5
 Silence                  Hex/Air        0%         N/A       100%        5
 Summon Forest            Summ/Tloc      0%         N/A       100%        5
 Summon Mana Viper        Hex/Summ       0%         N/A       100%        5
 Yara's Violent Unravell  Hex/Tmut       0%         3d3       100%        5
 Death Channel            Necr           0%         N/A       100%        6
 Dispersal                Tloc           0%         N/A       100%        6
 Leda's Unmaking          Conj/Erth      0%         9d1       100%        6
 Summon Cactus Giant      Summ           0%         N/A       100%        6
 Enfeeble                 Hex            0%         N/A       100%        7
 Haunt                    Necr/Summ      0%         N/A       100%        7
 Ozocubu's Refrigeration  Ice            0%         4d7       100%        7
 Borgnjor's Revivificati  Necr           0%         N/A       100%        8
 Disjunction              Tloc           0%         N/A       100%        8
 Lehudib's Crystal Spear  Conj/Erth      0%         10d2      100%        8
 Maxwell's Capacitive Co  Air            0%         ∞         100%        8
 Death's Door             Necr           0%         N/A       100%        9


Dungeon Overview and Level Annotations

Branches:
Dungeon (15/15)            Temple (0/1) D:7            Lair (5/5) D:10
  Swamp (4/4) Lair:2       Spider (4/4) Lair:2        Slime (5/5) Lair:4
    Orc (2/2) D:10            Elf (3/3) Orc:2        Vaults (5/5) D:13
  Crypt (3/3) Vaults:3       Tomb (0/3) Crypt:3      Depths (4/4) D:15
    Zot (5/5) Depths:4      IceCv (visited)         Volcano (visited)

Altars:
Cheibriados
Elyvilon
Fedhas
Kikubaaqudgha
Ru
Sif Muna
Uskayaw
Vehumet
Wu Jian
Zin
Jiyva

Shops:
D:5 (   D:11 (   D:12 !   Orc:2 =*((   Elf:1 [   Vaults:1 !   Vaults:4 *
Depths:1 =*

Portals:
Hell: Depths:1 Depths:2 Depths:3 Depths:4
Abyss: Orc:1 Depths:3
Pandemonium: Depths:2
Ziggurat: Depths:2

Annotations:
Slime:5 Royal Jelly
Zot:4 exclusion: orange crystal statue


Innate Abilities, Weirdness & Mutations

You have a pair of horns on your head.
You reflexively headbutt those who attack you in melee.
You have claws for feet.
You are partially covered in iridescent scales. (AC +2)
You are very agile. (Dex +8, Str/Int -2)
Your flesh is very cold resistant. (rC++)
You passively map a large area around you.
You are covered in fur. (AC +1)
You are weak. (Str -2)
Your translucent skin slightly reduces your foes' accuracy. (Stealth+)


Message History

Roots grab the sixfirhy.
Roots grab Okomn.
The grasping roots constrict Okomn.
The grasping roots constrict the sixfirhy.
The grasping roots constrict Okomn!
The grasping roots constrict the sixfirhy!
The sixfirhy struggles to escape constriction. x2
The sixfirhy escapes!
You block the sixfirhy's attack.
Okomn struggles to escape constriction.
The sixfirhy attacks as you move away! You block the sixfirhy's attack.
The grasping roots constrict Okomn!
Okomn struggles to escape constriction.
The grasping roots constrict Okomn.
Okomn struggles to escape constriction.
Okomn blinks free!
A hellwing comes into view.
You block the sixfirhy's attack.
You block the sixfirhy's attack. x2; Okomn blinks!
You block the sixfirhy's attack. You block the sixfirhy's attack.
You block the sixfirhy's attack. x3
You block the sixfirhy's attack. The sixfirhy attacks as you move away!
You block the sixfirhy's attack. x2
The sixfirhy closely misses you. You furiously retaliate!
You headbutt the sixfirhy! The sixfirhy misses you.
There is a stone staircase leading up here.
Okomn blinks!
You climb upwards.
There is a stone staircase leading down here.
(D) Dungeon (T) Temple (L) Lair (S) Swamp (N) Spider Nest (M) Slime Pits (O) Orcish Mines (E) Elven Halls (V) Vaults (C) Crypt (W) Tomb (U) Depths (H) Hell (Z) Zot
Where to? (Enter - D:1, ? - help)
Okay, then.
Unknown command.
A Tzitzimitl comes into view.
Press: ? - help, v - describe, . - travel
Here: a Tzitzimitl The floor.
The Tzitzimitl moves out of view.
There is a staircase leading out of the dungeon here.
You have escaped!

### ##@#
##..#
####...##
##.......#
##........##
#..........#
##.........#
##..1.....##
###
##........#


You could see a Tzitzimitl.

Vanquished Creatures
  A pandemonium lord (Zot:5)
  4 orbs of fire (Zot:5)
  An ancient lich (Zot:5)
  A juggernaut (Depths:4)
  2 royal mummies (Crypt:2)
  5 Killer Klowns (Zot:5)
  the Lernaean hydra (Swamp:4)
  Vv (Zot:1)
  A caustic shrike (Depths:2)
  3 curse toes
  Xtahua (Crypt:1)
  14 golden dragons
  A profane servitor (Crypt:3)
  A Tzitzimitl (Zot:4)
  A bone dragon (Vaults:3)
  3 liches
  2 electric golems (Zot:5)
  17 tentacled monstrosities
  2 walking crystal tomes
  An Ice Fiend (Zot:5)
  30 Orb Guardians
  3 walking earthen tomes (Depths:2)
  A deep elf blademaster (Elf:3)
  A deep elf master archer (Elf:3)
  8 titans
  5 quicksilver dragons
  A walking frostbound tome (Depths:2)
  3 ancient champions
  5 death cobs
  3 sphinxes
  An Executioner (D:9)
  11 draconian monks
  16 storm dragons
  A thorn hunter (Swamp:2)
  12 shadow dragons
  Aizul (Spider:1)
  4 revenants
  2 fenstrider witches
  9 fire giants
  9 tengu reavers
  10 draconian knights
  Roxanne (Elf:3)
  A daeva (Zot:5)
  Donald (Vaults:2)
  The ghost of Fitotwer the Nimble, an adept KoAr of Ashenzari (Spider:3)
  15 ghost moths
  11 vault wardens
  5 deep elf sorcerers
  14 emperor scorpions
  The ghost of MrAu the Fighter, a journeyman FoFi of Zin (Orc:1)
  4 iron dragons
  9 ghouls
  3 deep elf elementalists (Elf:3)
  4 draconian scorchers
  A ghost moth (shapeshifter) (D:13)
  5 frost giants
  3 draconian shifters
  2 curse skulls (Crypt:1)
  8 orc warlords
  A balrug (Zot:5)
  2 cacodemons
  4 draconian annihilators
  2 spriggan defenders
  3 broodmothers
  3 draconian stormcallers
  15 ironbound preservers
  A war gargoyle (Vaults:2)
  A reaper (IceCv)
  12 very ugly things
  3 juggernaut skeletons
  16 stone giants
  12 green draconians
  A demonspawn blood saint (Zot:3)
  5 ironbound thunderhulks
  4 deep elf demonologists
  15 black draconians
  5 vampire knights
  3 eleionomae
  8 dire elephants
  10 purple draconians
  11 white draconians
  6 yellow draconians
  8 bunyips
  7 deep elf annihilators
  8 red draconians
  2 lorocyprocas
  8 spark wasps
  4 eidola
  A bunyip (shapeshifter) (Vaults:5)
  2 blizzard demons
  2 mummy priests (Crypt:3)
  A merfolk javelineer (Depths:1)
  31 jiangshi
  3 crystal guardians
  A shambling mangrove (Swamp:4)
  11 ettins
  A merfolk impaler (Depths:1)
  3 entropy weavers
  8 fire dragons
  7 deep elf death magi
  4 deep elf high priests
  An entropy weaver (shapeshifter) (D:13)
  9 yaktaur captains
  A caustic shrike simulacrum (Crypt:3)
  30 vault guards
  4 rakshasas
  6 ice dragons
  2 spectral spriggans (Crypt:3)
  4 hell beasts
  22 hydras
  3 peacekeepers
  3 radroaches
  An ogre mage (Vaults:5)
  3 ghost crabs
  2 death knights (Crypt:3)
  2 jorogumos (Spider:2)
  8 centaur warriors
  3 spriggan skeletons
  A fenstrider witch skeleton (Crypt:2)
  25 dancing weapons
  6 ironbound frosthearts
  8 deep troll earth magi
  10 deep troll shamans
  18 two-headed ogres
  5 demonic crawlers
  7 boulder beetles
  2 death scarabs
  5 alligators
  12 tengu warriors
  An Orb Guardian skeleton (Crypt:1)
  4 spriggan berserkers
  Urug (Lair:2)
  An orc high priest (Elf:1)
  3 sun demons (Zot:5)
  8 vampire magi
  Sonja (Orc:1)
  A soul eater (Depths:2)
  8 hell knights (Depths:2)
  A titan skeleton (Depths:1)
  9 spriggans
  9 iron trolls
  25 skeletal warriors
  22 deep elf knights
  5 goliath frogs
  7 sixfirhies
  A skyshark (Lair:4)
  2 sun moths (Spider:4)
  A storm dragon zombie (Crypt:1)
  A shadow wraith (Crypt:3)
  9 pharaoh ants
  36 deep trolls
  4 flayed ghosts
  3 anaconda zombies (Crypt:2)
  4 spriggan druids
  A deep troll (shapeshifter) (Depths:2)
  11 swamp dragons
  10 orb spiders
  2 obsidian statues (Zot:5)
  6 bog bodies
  10 steelbarb worms
  15 orc knights
  10 harpies
  12 deep elf archers
  A lindwurm (Lair:5)
  2 wizards
  A shadow dragon zombie (Crypt:1)
  An anaconda skeleton (Crypt:2)
  27 deep elf zephyrmancers
  7 necromancers
  19 ironbound convokers
  29 deep elf pyromancers
  A sphinx zombie (D:15)
  5 phantasmal warriors
  A frost giant zombie (Depths:1)
  5 will-o-the-wisps
  22 ugly things
  3 salamanders (Volcano)
  A worldbinder (Orc:1)
  25 wolf spiders
  3 manticores (D:14)
  5 cyclopes
  A fire giant zombie (Depths:1)
  A stone giant zombie (D:15)
  26 moths of wrath
  4 orc sorcerers
  2 black mambas
  A centaur zombie (Crypt:2)
  16 elephants
  2 ice statues (IceCv)
  A guardian serpent (D:15)
  10 vault sentinels
  Joseph (D:8)
  9 torpor snails
  2 orange demons
  2 rust devils (Depths:2)
  A catoblepas zombie (Crypt:2)
  7 kobold demonologists (D:12)
  2 rime drakes
  2 unseen horrors
  An eye of devastation (shapeshifter) (Depths:4)
  15 cane toads
  Maggie (D:6)
  2 tormentors
  16 komodo dragons
  10 freezing wraiths
  12 yaktaurs
  6 tengu conjurers
  6 guardian mummies (Crypt:3)
  An unseen horror skeleton (Crypt:1)
  An ancient zyme (Orc:1)
  2 efreet
  6 ice devils (IceCv)
  4 anaconda simulacra (IceCv)
  A death yak skeleton (Crypt:1)
  3 meliai (D:13)
  28 hornets
  15 trolls
  23 tarantellas
  A harpy skeleton (Crypt:2)
  14 tyrant leeches
  11 polar bears
  A tarantella (shapeshifter) (D:14)
  A blink frog (shapeshifter) (D:15)
  3 raiju (Lair:5)
  29 blink frogs
  A human simulacrum (Vaults:3)
  32 jumping spiders
  4 dream sheep (Lair:3)
  60 flying skulls
  A spriggan zombie (D:15)
  A dream sheep (shapeshifter) (Elf:2)
  A dire elephant simulacrum (Crypt:1)
  5 air elementals
  An ettin skeleton (Crypt:2)
  A centaur simulacrum (D:12)
  18 culicivoras
  A naga simulacrum (Crypt:2)
  12 water elementals
  5 shadows
  16 wraiths
  63 yaks
  6 wyverns
  A fire elemental (Elf:1)
  2 vampires
  A basilisk (Lair:3)
  10 fire bats (Volcano)
  50 redbacks
  2 chaos spawn
  6 steam dragons
  9 vampire mosquitoes
  Grum (D:9)
  24 wargs
  14 swamp worms
  2 harpy simulacra (IceCv)
  Duvessa (D:6)
  An acid dragon (D:8)
  The ghost of Ethylacetat the Ruffian, an amateur VSMo (D:3)
  11 water moccasins
  14 hell hounds (Lair:5)
  4 hydra simulacra (IceCv)
  A deep troll skeleton (Crypt:1)
  66 orc warriors
  A black bear (shapeshifter) (D:14)
  3 ice beasts
  3 sky beasts
  8 swamp drakes
  A hornet zombie (Crypt:1)
  13 black bears
  A cane toad skeleton (Crypt:1)
  7 ogres
  A black mamba simulacrum (Crypt:1)
  27 wolves
  9 boggarts
  A manticore skeleton (Crypt:2)
  13 centaurs
  A phantom (D:5)
  5 kobold brigands
  12 bullfrogs
  A rime drake skeleton (Crypt:2)
  9 necrophages
  6 scorpions
  4 small abominations (Crypt:3)
  A cane toad simulacrum (IceCv)
  4 gnoll sergeants (D:12)
  An earth elemental (Elf:1)
  5 wights (D:9)
  A polar bear zombie (Crypt:1)
  Dowan (D:6)
  13 killer bees
  7 howler monkeys
  6 electric eels
  2 lava snakes (D:7)
  3 quasits (D:4)
  A gnoll bouda (D:9)
  13 orc priests
  2 hounds
  2 iguanas
  Jessica (D:3)
  19 orc wizards
  2 troll simulacra (IceCv)
  A wolf simulacrum (IceCv)
  An ice beast zombie (Crypt:2)
  3 adders
  A steam dragon skeleton (Crypt:1)
  3 white imps
  4 ufetubi
  A jelly zombie (Crypt:2)
  5 worms
  3 dart slugs
  104 orcs
  7 ball pythons
  4 endoplasms
  10 giant cockroaches
  A gnoll zombie (Crypt:2)
  5 goblins
  8 hobgoblins
  5 quokkas
  3 bats
  3 frilled lizards
  10 kobolds
  9 rats
2301 creatures vanquished.

Vanquished Creatures (collateral kills)
  A deep elf elementalist (Elf:3)
  A deep elf annihilator (Elf:3)
  A deep elf death mage (Elf:3)
  An entropy weaver (Vaults:3)
  2 ironbound frosthearts (Vaults:3)
  2 dancing weapons (Elf:2)
  An orc knight (Vaults:3)
  A deep elf pyromancer (Elf:2)
  3 deep elf zephyrmancers
  A red devil (Zot:5)
  A guardian mummy (Crypt:3)
  2 flying skulls (Crypt:3)
  A glowing shapeshifter zombie (D:15)
  A white imp (Vaults:3)
19 creatures vanquished.

Vanquished Creatures (others)
  An ancient lich (Zot:5)
  2 Killer Klowns (Zot:5)
  2 azure jellies
  A vault warden (Vaults:3)
  An ironbound preserver (Vaults:3)
  2 draconian annihilators
  3 formless jellyfish
  A black draconian (Depths:4)
  An ironbound thunderhulk (Vaults:3)
  A red draconian (Zot:4)
  A deep elf annihilator (Vaults:4)
  A fire dragon (Depths:4)
  2 yaktaur captains
  3 great orbs of eyes
  A deep elf high priest (Elf:1)
  A peacekeeper (Vaults:4)
  A death knight (Crypt:3)
  2 ironbound frosthearts
  2 tengu warriors
  3 deep elf knights
  A shock serpent (shapeshifter) (Depths:2)
  A skeletal warrior (Crypt:3)
  A flayed ghost (Crypt:3)
  4 glowing orange brains
  A wizard (Vaults:1)
  2 lindwurms (Vaults:1)
  2 ironbound convokers
  2 harpies (Vaults:1)
  A deep elf zephyrmancer (Elf:3)
  A shining eye (shapeshifter) (Depths:2)
  A cyclops (D:15)
  A moth of wrath (Zot:5)
  A moth of wrath (shapeshifter) (Orc:1)
  A vault sentinel (Vaults:4)
  An unseen horror (shapeshifter) (Vaults:5)
  2 tengu conjurers
  A tarantella (Spider:1)
  3 bloated husks
  Sigmund (D:5)
  A jumping spider (Spider:2)
  21 slime creatures
  An air elemental (Elf:3)
  A fire elemental (Elf:3)
  A spriggan (shapeshifter) (D:13)
  A golden eye (shapeshifter) (Vaults:3)
  2 redbacks
  A vampire mosquito (Swamp:1)
  A swamp drake (shapeshifter) (D:15)
  2 orc warriors
  2 ogres
  A centaur (Orc:2)
  Blork the orc (D:6)
  2 gnoll sergeants (D:12)
  2 bullfrogs
  A killer bee (D:8)
  311 jellies
  A hound (D:6)
  An orc priest (D:9)
  An orc wizard (Vaults:5)
  An adder (D:3)
  2 white imps
  An ufetubus (D:6)
  A dart slug (D:4)
  16 orcs
  A bat skeleton (Crypt:1)
  3 training dummies (D:5)
  6 kobolds
  15 foxfires
461 creatures vanquished.

Grand Total: 2781 creatures vanquished

Notes
Turn   | Place    | Note
-------+----------+-------------------------------------------
     0 | D:1      | Winged the Minotaur Fighter began the quest for the Orb.
     0 | D:1      | Reached XP level 1. HP: 19/19 MP: 0/0
    91 | D:1      | Reached XP level 2. HP: 24/26 MP: 1/1
   147 | D:1      | You fall into a shaft and drop 1 floor!
   365 | D:2      | Reached XP level 3. HP: 16/31 MP: 0/2
   608 | D:2      | Found a faded altar of an unknown god.
   654 | D:2      | Prayed at the altar of an unknown god.
   654 | D:2      | Became a worshipper of Jiyva Jeromy the Shapeless
   654 | D:2      | Reached * piety under Jiyva
   681 | D:3      | Found a glowing silver altar of Zin.
   698 | D:3      | Reached skill level 5 in Maces & Flails
   701 | D:3      | Reached XP level 4. HP: 22/39 MP: 3/3
   920 | D:3      | Found a shimmering blue altar of Sif Muna.
   998 | D:3      | Reached ** piety under Jiyva
  1004 | D:3      | Found a large runed translucent door.
  1004 | D:3      | Found a large runed translucent door.
  1045 | D:3      | Noticed Jessica
  1052 | D:3      | Killed Jessica
  1053 | D:3      | Reached XP level 5. HP: 45/45 MP: 4/4
  1173 | D:3      | Noticed Ethylacetat's ghost (amateur VSMo)
  1191 | D:3      | Killed Ethylacetat's ghost
  1275 | D:4      | Killed an ogre
  1439 | D:4      | Reached XP level 6. HP: 51/51 MP: 5/5
  1544 | D:4      | Reached *** piety under Jiyva
  1576 | D:4      | Gained mutation: You have a small jelly attached to you
                  | that senses nearby items. [Jiyva's grace]
  1576 | D:4      | Gained mutation: You have a small jelly attached to you
                  | that may absorb projectiles. [Jiyva's grace]
  1576 | D:4      | Gained mutation: You have supernaturally acute eyesight.
                  | (SInv) [Jiyva's grace]
  1576 | D:4      | Gained mutation: You have acidic saliva. [Jiyva's grace]
  1748 | D:4      | Found a blossoming altar of Fedhas.
  1897 | D:5      | Entered Level 5 of the Dungeon
  2148 | D:5      | Reached XP level 7. HP: 57/57 MP: 6/6
  2401 | D:5      | Killed Sigmund
  2466 | D:5      | Reached skill level 10 in Maces & Flails
  2574 | D:5      | Found Ezausi's Firing Range.
  2630 | D:5      | Reached **** piety under Jiyva
  2964 | D:6      | Noticed Maggie
  2977 | D:6      | Killed Maggie
  3097 | D:6      | Reached XP level 8. HP: 64/64 MP: 7/7
  3403 | D:6      | Gained mutation: Your muscles are strong. (Str +4, Int/Dex
                  | -1) [Jiyva's grace]
  3403 | D:6      | Gained mutation: Your muscles are very strong. (Str +8,
                  | Int/Dex -2) [Jiyva's grace]
  3403 | D:6      | Gained mutation: You have large cloven feet. [Jiyva's
                  | grace]
  3403 | D:6      | Gained mutation: You have hoof-like feet. [Jiyva's grace]
  3533 | D:6      | Noticed Dowan
  3535 | D:6      | Noticed Duvessa
  3546 | D:6      | Killed Duvessa
  3551 | D:6      | Killed Dowan
  3561 | D:6      | Killed Blork the orc
  3676 | D:6      | Reached skill level 5 in Armour
  3691 | D:6      | Found a snail-covered altar of Cheibriados.
  3706 | D:6      | Reached ***** piety under Jiyva
  3720 | D:6      | Found a sacrificial altar of Ru.
  4102 | D:7      | Reached skill level 5 in Fighting
  4157 | D:7      | Found a hide-covered altar of Uskayaw.
  4294 | D:7      | Reached skill level 5 in Shields
  4311 | D:7      | Found a staircase to the Ecumenical Temple.
  4357 | D:7      | Reached XP level 9. HP: 74/74 MP: 8/8
  4399 | D:7      | Identified the -1 helmet of Gluttony {Harm *Corrode +Inv
                  | Stlth+}
  5084 | D:8      | Noticed Joseph
  5097 | D:8      | Killed Joseph
  5098 | D:8      | Reached skill level 10 in Shields
  5241 | D:8      | Lost mutation: You have acidic saliva. [Jiyva's grace]
  5241 | D:8      | Gained mutation: Your mind is acute. (Int +4, Str/Dex -1)
                  | [Jiyva's grace]
  5241 | D:8      | Gained mutation: Your mind is very acute. (Int +8, Str/Dex
                  | -2) [Jiyva's grace]
  5241 | D:8      | Gained mutation: You have acidic saliva. [Jiyva's grace]
  5241 | D:8      | Gained mutation: Your system is resistant to poisons.
                  | (rPois) [Jiyva's grace]
  5944 | D:8      | Reached skill level 1 in Dodging
  6063 | D:9      | Reached XP level 10. HP: 81/81 MP: 9/9
  6084 | D:9      | Noticed Grum
  6102 | D:9      | Killed Grum
  6145 | D:9      | Reached ****** piety under Jiyva
  6211 | D:9      | Noticed a two-headed ogre
  6230 | D:9      | Killed a two-headed ogre
  6450 | D:9      | Noticed a skeletal warrior
  6455 | D:9      | Killed a skeletal warrior
  6460 | D:9      | Noticed a skeletal warrior
  6463 | D:9      | Noticed a skeletal warrior
  6471 | D:9      | Killed a skeletal warrior
  6472 | D:9      | Reached skill level 15 in Maces & Flails
  6477 | D:9      | Noticed a skeletal warrior
  6478 | D:9      | Noticed a skeletal warrior
  6485 | D:9      | Killed a skeletal warrior
  6486 | D:9      | Killed a skeletal warrior
  6487 | D:9      | Reached XP level 11. HP: 86/86 MP: 10/10
  6511 | D:9      | Killed a skeletal warrior
  6654 | D:9      | Found a flagged portal.
  6727 | D:10     | Entered Level 10 of the Dungeon
  6777 | D:10     | Noticed a two-headed ogre
  6834 | D:10     | Killed a two-headed ogre
  7022 | D:10     | Noticed a two-headed ogre
  7034 | D:10     | Killed a two-headed ogre
  7081 | D:10     | Found a staircase to the Orcish Mines.
  7172 | D:10     | Found a staircase to the Lair.
  7290 | D:10     | Reached skill level 1 in Evocations
  7518 | D:11     | Noticed a white ugly thing
  7539 | D:11     | Killed a cyan ugly thing
  7589 | D:11     | Noticed a green ugly thing
  7600 | D:11     | Killed a green ugly thing
  7737 | D:11     | Lost mutation: Your mind is very acute. (Int +8, Str/Dex
                  | -2) [Jiyva's grace]
  7737 | D:11     | Lost mutation: Your system is resistant to poisons. (rPois)
                  | [Jiyva's grace]
  7737 | D:11     | Gained mutation: You have very sharp teeth. [Jiyva's grace]
  7737 | D:11     | Gained mutation: You have extremely sharp teeth. [Jiyva's
                  | grace]
  7737 | D:11     | Gained mutation: You have razor-sharp teeth. [Jiyva's
                  | grace]
  7737 | D:11     | Gained mutation: You expend magic power (3 MP) to
                  | strengthen your wands. [Jiyva's grace]
  7739 | D:11     | Found Niniekun's Weapon Shoppe.
  7949 | D:11     | Noticed a two-headed ogre
  7956 | D:11     | Killed a two-headed ogre
  8528 | D:12     | Noticed a brown ugly thing
  8534 | D:12     | Killed a brown ugly thing
  8535 | D:12     | Reached XP level 12. HP: 104/104 MP: 11/11
  8591 | D:12     | Found Zaretrur's Distillery.
  8620 | D:12     | Noticed a two-headed ogre
  8695 | D:12     | Noticed a tengu warrior
  8712 | D:12     | Killed a tengu warrior
  8764 | D:12     | Noticed a two-headed ogre
  8785 | D:12     | Reached skill level 10 in Fighting
  8805 | D:12     | Noticed a two-headed ogre
  8814 | D:12     | Killed a two-headed ogre
  8868 | D:12     | Noticed a two-headed ogre
  8882 | D:12     | Killed a two-headed ogre
  8892 | D:12     | Reached skill level 15 in Shields
  8939 | D:12     | Found a frozen archway.
  8955 | IceCv    | Entered an ice cave
  8955 | IceCv    | Lost mutation: You have razor-sharp teeth. [Jiyva's grace]
  8955 | IceCv    | Lost mutation: You have supernaturally acute eyesight.
                  | (SInv) [Jiyva's grace]
  8955 | IceCv    | Lost mutation: Your mind is acute. (Int +4, Str/Dex -1)
                  | [Jiyva's grace]
  8955 | IceCv    | Lost mutation: You have acidic saliva. [Jiyva's grace]
  8955 | IceCv    | Lost mutation: You expend magic power (3 MP) to strengthen
                  | your wands. [Jiyva's grace]
  8955 | IceCv    | Gained mutation: You are strong-willed. (Will+) [Jiyva's
                  | grace]
  8955 | IceCv    | Gained mutation: You are highly strong-willed. (Will++)
                  | [Jiyva's grace]
  8955 | IceCv    | Gained mutation: You are extremely strong-willed. (Will+++)
                  | [Jiyva's grace]
  8955 | IceCv    | Gained mutation: You are agile. (Dex +4, Str/Int -1)
                  | [Jiyva's grace]
  9353 | IceCv    | Noticed a reaper
  9365 | IceCv    | Killed a reaper
  9573 | D:12     | Killed a two-headed ogre
  9574 | D:12     | Noticed a two-headed ogre
  9575 | D:12     | Noticed a two-headed ogre
  9578 | D:12     | Killed a two-headed ogre
  9579 | D:12     | Reached skill level 5 in Dodging
  9597 | D:12     | Killed a two-headed ogre
  9598 | D:12     | Reached XP level 13. HP: 104/113 MP: 12/12
  9691 | Orc:1    | Entered Level 1 of the Orcish Mines
  9802 | Orc:1    | Noticed Erica
  9810 | Orc:1    | Slimified Erica
  9810 | Orc:1    | Noticed Erica
  9890 | Orc:1    | Noticed Sonja
  9892 | Orc:1    | Killed Sonja
  9893 | Orc:1    | Reached skill level 10 in Armour
  9971 | Orc:1    | Found a transporter.
  9992 | Orc:1    | Found a transporter.
 10174 | Orc:1    | Noticed MrAu's ghost (journeyman FoFi)
 10237 | Orc:1    | Noticed an orc warlord
 10376 | Orc:1    | Noticed an orc warlord
 10416 | Orc:1    | Killed an orc warlord
 10566 | Orc:2    | Entered Level 2 of the Orcish Mines
 10862 | Orc:2    | Found a staircase to the Elven Halls.
 10887 | Orc:2    | Noticed an orc warlord
 10926 | Orc:2    | Killed an orc warlord
 10990 | Orc:2    | Noticed an orc warlord
 11024 | Orc:2    | Killed an orc warlord
 11110 | Orc:2    | Identified the +4 trident "Goblin's Nightmare" {flame, rN+
                  | Int+3}
 11339 | Orc:2    | Lost mutation: You have extremely sharp teeth. [Jiyva's
                  | grace]
 11339 | Orc:2    | Lost mutation: You are extremely strong-willed. (Will+++)
                  | [Jiyva's grace]
 11339 | Orc:2    | Lost mutation: Your muscles are very strong. (Str +8,
                  | Int/Dex -2) [Jiyva's grace]
 11339 | Orc:2    | Lost mutation: You have a small jelly attached to you that
                  | senses nearby items. [Jiyva's grace]
 11339 | Orc:2    | Lost mutation: You have a small jelly attached to you that
                  | may absorb projectiles. [Jiyva's grace]
 11339 | Orc:2    | Gained mutation: Your spells are a little harder to cast,
                  | but a little more powerful. [Jiyva's grace]
 11339 | Orc:2    | Gained mutation: Your spells are harder to cast, but more
                  | powerful. [Jiyva's grace]
 11339 | Orc:2    | Gained mutation: Your spells are much harder to cast, but
                  | much more powerful. [Jiyva's grace]
 11339 | Orc:2    | Gained mutation: Your flesh is cold resistant. (rC+)
                  | [Jiyva's grace]
 11363 | Orc:2    | Noticed an orc warlord
 11388 | Orc:2    | Killed an orc warlord
 11552 | Orc:2    | Reached XP level 14. HP: 121/121 MP: 13/13
 11557 | Orc:2    | Found Ceaxaoff's Weapon Shop.
 11557 | Orc:2    | Found Dosuawn's Assorted Antiques.
 11563 | Orc:2    | Found Siarghio's Jewellery Shoppe.
 11569 | Orc:2    | Found Tinewkin's Antique Weapon Boutique.
 11624 | Orc:2    | Bought a scroll of blinking for 165 gold pieces
 12232 | D:12     | Reached skill level 15 in Armour
 12750 | D:13     | Found a gate to the Vaults.
 12768 | D:13     | a boulder beetle changed into a quicksilver ooze
 12768 | D:13     | Noticed a quicksilver ooze (glowing shapeshifter)
 12771 | D:13     | a quicksilver ooze changed into an emperor scorpion
 12771 | D:13     | Noticed an emperor scorpion (glowing shapeshifter)
 12773 | D:13     | an emperor scorpion changed into something unseen
 12779 | D:13     | Killed a ghost moth
 13567 | D:14     | Reached skill level 5 in Evocations
 13846 | D:14     | Lost mutation: You have hoof-like feet. [Jiyva's grace]
 13846 | D:14     | Lost mutation: You are agile. (Dex +4, Str/Int -1) [Jiyva's
                  | grace]
 13846 | D:14     | Lost mutation: You are highly strong-willed. (Will++)
                  | [Jiyva's grace]
 13846 | D:14     | Lost mutation: Your spells are much harder to cast, but
                  | much more powerful. [Jiyva's grace]
 13846 | D:14     | Gained mutation: Your natural rate of healing is unusually
                  | fast. [Jiyva's grace]
 13846 | D:14     | Gained mutation: You heal very quickly. [Jiyva's grace]
 13846 | D:14     | Gained mutation: You regenerate. [Jiyva's grace]
 13846 | D:14     | Gained mutation: You have supernaturally acute eyesight.
                  | (SInv) [Jiyva's grace]
 14585 | Elf:1    | Entered Level 1 of the Elven Halls
 14688 | Elf:1    | Found Odghodghe's Armour Boutique.
 15533 | Orc:2    | Bought an amulet of reflection for 510 gold pieces
 15533 | Orc:2    | Bought a ring of willpower for 425 gold pieces
 15905 | Elf:1    | Paralysed by an air elemental for 1 turns
 15907 | Elf:1    | Paralysed by an air elemental for 1 turns
 15942 | Elf:1    | Reached XP level 15. HP: 132/132 MP: 14/14
 16924 | Elf:2    | Found a runed translucent gate.
 16925 | Elf:2    | Found a runed translucent gate.
 16925 | Elf:2    | Found a runed translucent gate.
 17137 | Elf:2    | Lost mutation: You have very sharp teeth. [Jiyva's grace]
 17137 | Elf:2    | Lost mutation: Your muscles are strong. (Str +4, Int/Dex
                  | -1) [Jiyva's grace]
 17137 | Elf:2    | Lost mutation: Your spells are harder to cast, but more
                  | powerful. [Jiyva's grace]
 17137 | Elf:2    | Gained mutation: You possess an exceptional clarity of
                  | mind. [Jiyva's grace]
 17137 | Elf:2    | Lost mutation: You have large cloven feet. [Jiyva's grace]
 17137 | Elf:2    | Gained mutation: You have sharp toenails. [Jiyva's grace]
 17137 | Elf:2    | Gained mutation: You have razor-sharp toenails. [Jiyva's
                  | grace]
 17137 | Elf:2    | Gained mutation: You have claws for feet. [Jiyva's grace]
 17502 | Elf:2    | Reached XP level 16. HP: 71/147 MP: 15/15
 17738 | Elf:3    | Entered Level 3 of the Elven Halls
 17770 | Elf:3    | Paralysed by an air elemental for 1 turns
 17825 | Elf:3    | Paralysed by an air elemental for 1 turns
 17848 | Elf:3    | Reached skill level 15 in Fighting
 17865 | Elf:3    | Noticed a deep elf blademaster
 17871 | Elf:3    | Killed a deep elf blademaster
 17952 | Elf:3    | Noticed Roxanne
 18117 | Elf:3    | Paralysed by an air elemental for 1 turns
 18129 | Elf:3    | Noticed a deep elf master archer
 18137 | Elf:3    | Killed a deep elf master archer
 18156 | Elf:3    | a deep elf annihilator changed into an acid blob
 18156 | Elf:3    | Noticed an acid blob
 18332 | Elf:3    | Identified the +9 hand axe "Orb Guardian's Regret" {flame,
                  | rC+ Str+2}
 18332 | Elf:3    | Identified the +0 leather armour "Xaroej" {Will++ Regen+}
 18358 | Elf:3    | Identified the amulet "Jaofe" {Drain Regen+ Str+5}
 18378 | Elf:3    | Got Sif Muna's Excursus on Spelunking
 18381 | Elf:3    | Got Sif Muna's Catalogue of the Violent Pyromaniac
 18891 | Elf:3    | Killed Roxanne
 19036 | Lair:1   | Entered Level 1 of the Lair of Beasts
 19036 | Lair:1   | You fall into a shaft and drop 1 floor!
 19106 | Lair:2   | Noticed Urug
 19116 | Lair:2   | Killed Urug
 19154 | Lair:2   | Reached XP level 17. HP: 159/159 MP: 16/16
 19181 | Lair:2   | Found a hole to the Spider Nest.
 19220 | Lair:2   | Found a staircase to the Swamp.
 19245 | Lair:2   | Lost mutation: You have claws for feet. [Jiyva's grace]
 19245 | Lair:2   | Lost mutation: You regenerate. [Jiyva's grace]
 19245 | Lair:2   | Lost mutation: Your spells are a little harder to cast, but
                  | a little more powerful. [Jiyva's grace]
 19245 | Lair:2   | Gained mutation: Your mind is acute. (Int +4, Str/Dex -1)
                  | [Jiyva's grace]
 19245 | Lair:2   | Gained mutation: Your mind is very acute. (Int +8, Str/Dex
                  | -2) [Jiyva's grace]
 19245 | Lair:2   | Lost mutation: You have razor-sharp toenails. [Jiyva's
                  | grace]
 19245 | Lair:2   | Lost mutation: You have sharp toenails. [Jiyva's grace]
 19245 | Lair:2   | Gained mutation: You have large cloven feet. [Jiyva's
                  | grace]
 19245 | Lair:2   | Gained mutation: You have hoof-like feet. [Jiyva's grace]
 20689 | Lair:4   | Found a staircase to the Slime Pits.
 20690 | Lair:4   | Found a viscous altar of Jiyva.
 20698 | Slime:1  | Entered Level 1 of the Pits of Slime
 20698 | Slime:1  | Noticed an acid blob
 20703 | Slime:1  | Noticed an acid blob
 20979 | Slime:2  | Noticed an acid blob
 20993 | Slime:2  | Noticed an acid blob
 21017 | Slime:2  | Noticed an acid blob
 21221 | Slime:3  | Noticed an acid blob
 21557 | Slime:5  | Entered Level 5 of the Pits of Slime
 21557 | Slime:5  | Found the +7 captain's cutlass {speed, disarm}
 21558 | Slime:5  | Found a viscous altar of Jiyva.
 21569 | Slime:5  | Noticed an acid blob
 21587 | Slime:5  | Identified the +10 great sword of Saar {venom, Str+3 Int+5}
 21589 | Slime:5  | Got the Discourse on the Arenous Tesseract
 21593 | Slime:5  | Got a slimy rune of Zot
 21607 | Slime:5  | Got the Octavo of Vicissitude
 21613 | Slime:5  | Found the +5 glaive of the Guard {elec, spectral, AC+5}
 21619 | Slime:5  | Identified the amulet "Xooniv" {Reflect Rampage Str+6 Int-2
                  | SH+5 SInv}
 21629 | Slime:5  | Identified the +0 buckler of Otoitam {Dex+4}
 21630 | Slime:5  | Identified the +6 hand axe "Helut" {heavy, rF+}
 21631 | Slime:5  | Identified the ring "Xigh" {rPois MP+9 Int+3}
 21636 | Slime:5  | Identified the +3 leather armour "Earthly Heaven" {Dex+5
                  | Stlth+}
 21637 | Slime:5  | Noticed the Royal Jelly
 21675 | Slime:5  | Noticed an acid blob
 21763 | Slime:5  | Noticed an acid blob
 21795 | Slime:5  | Noticed an acid blob
 22232 | Lair:4   | Lost mutation: You have hoof-like feet. [Jiyva's grace]
 22232 | Lair:4   | Lost mutation: You have large cloven feet. [Jiyva's grace]
 22232 | Lair:4   | Lost mutation: Your mind is very acute. (Int +8, Str/Dex
                  | -2) [Jiyva's grace]
 22232 | Lair:4   | Lost mutation: You heal very quickly. [Jiyva's grace]
 22232 | Lair:4   | Lost mutation: Your natural rate of healing is unusually
                  | fast. [Jiyva's grace]
 22232 | Lair:4   | Gained mutation: Your rubbery body absorbs attacks. (AC +1,
                  | EV +1) [Jiyva's grace]
 22232 | Lair:4   | Gained mutation: Your pliable body absorbs attacks. (AC +2,
                  | EV +2) [Jiyva's grace]
 22232 | Lair:4   | Gained mutation: Your gelatinous body deflects attacks. (AC
                  | +3, EV +3) [Jiyva's grace]
 22232 | Lair:4   | Gained mutation: You are covered in slimy tendrils that may
                  | disarm your opponents. [Jiyva's grace]
 22871 | Lair:5   | Entered Level 5 of the Lair of Beasts
 22947 | Lair:5   | Found a runed translucent door.
 23232 | Lair:5   | Found a dark tunnel.
 23238 | Volcano  | Entered a volcano
 24334 | Lair:5   | Lost mutation: You are strong-willed. (Will+) [Jiyva's
                  | grace]
 24334 | Lair:5   | Lost mutation: Your gelatinous body deflects attacks. (AC
                  | +3, EV +3) [Jiyva's grace]
 24334 | Lair:5   | Lost mutation: Your pliable body absorbs attacks. (AC +2,
                  | EV +2) [Jiyva's grace]
 24334 | Lair:5   | Lost mutation: You are covered in slimy tendrils that may
                  | disarm your opponents. [Jiyva's grace]
 24334 | Lair:5   | Gained mutation: You have sharp toenails. [Jiyva's grace]
 24334 | Lair:5   | Gained mutation: You have razor-sharp toenails. [Jiyva's
                  | grace]
 24334 | Lair:5   | Gained mutation: You have claws for feet. [Jiyva's grace]
 24334 | Lair:5   | Gained mutation: You are covered in fur. (AC +1) [Jiyva's
                  | grace]
 25080 | Spider:1 | Entered Level 1 of the Spider Nest
 25100 | Spider:1 | Noticed Aizul
 25143 | Spider:1 | Killed Aizul
 25414 | Spider:1 | Reached XP level 18. HP: 172/172 MP: 17/17
 26504 | Spider:2 | Lost mutation: You have claws for feet. [Jiyva's grace]
 26504 | Spider:2 | Lost mutation: You have razor-sharp toenails. [Jiyva's
                  | grace]
 26504 | Spider:2 | Lost mutation: Your flesh is cold resistant. (rC+) [Jiyva's
                  | grace]
 26504 | Spider:2 | Lost mutation: You are covered in fur. (AC +1) [Jiyva's
                  | grace]
 26504 | Spider:2 | Gained mutation: You have a small jelly attached to you
                  | that senses nearby items. [Jiyva's grace]
 26504 | Spider:2 | Gained mutation: Your flesh is cold resistant. (rC+)
                  | [Jiyva's grace]
 26504 | Spider:2 | Gained mutation: Your flesh is very cold resistant. (rC++)
                  | [Jiyva's grace]
 26504 | Spider:2 | Gained mutation: Your flesh is almost immune to the effects
                  | of cold. (rC+++) [Jiyva's grace]
 26855 | Spider:3 | Found a transporter.
 26873 | Spider:3 | Noticed Fitotwer's ghost (adept KoAr)
 26877 | Spider:3 | Found a transporter.
 27635 | Spider:3 | Killed Fitotwer's ghost
 27639 | Spider:3 | Identified the +2 hat of Vehumet's Envy {rF++}
 27703 | Spider:4 | Entered Level 4 of the Spider Nest
 28075 | Spider:4 | Identified the amulet "Sesap" {Spirit rCorr Str+3 Stlth+}
 28267 | Spider:4 | Reached XP level 19. HP: 184/184 MP: 18/18
 28693 | Spider:4 | Got a gossamer rune of Zot
 29758 | Lair:1   | Lost mutation: Your flesh is almost immune to the effects
                  | of cold. (rC+++) [Jiyva's grace]
 29758 | Lair:1   | Gained mutation: You are covered in fur. (AC +1) [Jiyva's
                  | grace]
 29758 | Lair:1   | Gained mutation: You are covered in thick fur. (AC +2)
                  | [Jiyva's grace]
 29758 | Lair:1   | Gained mutation: Your thick and shaggy fur keeps you warm.
                  | (AC +3, rC+) [Jiyva's grace]
 29758 | Lair:1   | Gained mutation: Your melee attacks may engulf your foes in
                  | ooze. [Jiyva's grace]
 30558 | Vaults:1 | Entered Level 1 of the Vaults
 30732 | Vaults:1 | Found Seheasi's Distillery.
 32031 | Orc:1    | Found a one-way gate to the infinite horrors of the Abyss.
 32061 | Orc:1    | Killed MrAu's ghost
 32222 | Swamp:1  | Entered Level 1 of the Swamp
 32225 | Swamp:1  | Lost mutation: You have sharp toenails. [Jiyva's grace]
 32225 | Swamp:1  | Lost mutation: You have supernaturally acute eyesight.
                  | (SInv) [Jiyva's grace]
 32225 | Swamp:1  | Lost mutation: You possess an exceptional clarity of mind.
                  | [Jiyva's grace]
 32225 | Swamp:1  | Lost mutation: Your mind is acute. (Int +4, Str/Dex -1)
                  | [Jiyva's grace]
 32225 | Swamp:1  | Lost mutation: Your rubbery body absorbs attacks. (AC +1,
                  | EV +1) [Jiyva's grace]
 32225 | Swamp:1  | Gained mutation: Your rubbery body absorbs attacks. (AC +1,
                  | EV +1) [Jiyva's grace]
 32225 | Swamp:1  | Gained mutation: Your pliable body absorbs attacks. (AC +2,
                  | EV +2) [Jiyva's grace]
 32225 | Swamp:1  | Gained mutation: Your gelatinous body deflects attacks. (AC
                  | +3, EV +3) [Jiyva's grace]
 32225 | Swamp:1  | Gained mutation: You possess an exceptional clarity of
                  | mind. [Jiyva's grace]
 33358 | Swamp:3  | Reached XP level 20. HP: 198/198 MP: 19/19
 33757 | Swamp:4  | Entered Level 4 of the Swamp
 34090 | Swamp:4  | Lost mutation: Your flesh is very cold resistant. (rC++)
                  | [Jiyva's grace]
 34090 | Swamp:4  | Lost mutation: Your gelatinous body deflects attacks. (AC
                  | +3, EV +3) [Jiyva's grace]
 34090 | Swamp:4  | Gained mutation: You are partially covered in large bone
                  | plates. (SH +4) [Jiyva's grace]
 34090 | Swamp:4  | Gained mutation: You are mostly covered in large bone
                  | plates. (SH +6) [Jiyva's grace]
 34090 | Swamp:4  | Gained mutation: You are completely covered in large bone
                  | plates. (SH +8) [Jiyva's grace]
 34090 | Swamp:4  | Gained mutation: Your flesh is heat resistant. (rF+)
                  | [Jiyva's grace]
 34279 | Swamp:4  | Noticed the 27-headed Lernaean hydra
 34296 | Swamp:4  | Killed the 27-headed Lernaean hydra
 34408 | Swamp:4  | Got a decaying rune of Zot
 35584 | D:15     | Entered Level 15 of the Dungeon
 35586 | D:15     | Found a staircase to the Depths.
 36590 | Vaults:2 | You fall into a shaft and drop 1 floor!
 36620 | Vaults:3 | Noticed a bone dragon
 36635 | Vaults:3 | Killed a bone dragon
 36636 | Vaults:3 | Found a staircase to the Crypt.
 36694 | Vaults:3 | Identified the +7 great sword of Unpleasantness {spect, rN+
                  | Int+3}
 37190 | Vaults:3 | Noticed Jory
 37214 | Vaults:3 | Slimified Jory
 37214 | Vaults:3 | Jory changed into Jory the azure jelly
 37214 | Vaults:3 | Noticed Jory
 37901 | Vaults:4 | Lost mutation: Your flesh is heat resistant. (rF+) [Jiyva's
                  | grace]
 37901 | Vaults:4 | Lost mutation: Your thick and shaggy fur keeps you warm.
                  | (AC +3, rC+) [Jiyva's grace]
 37901 | Vaults:4 | Lost mutation: You are covered in thick fur. (AC +2)
                  | [Jiyva's grace]
 37901 | Vaults:4 | Lost mutation: Your melee attacks may engulf your foes in
                  | ooze. [Jiyva's grace]
 37901 | Vaults:4 | Gained mutation: Your flesh is very cold resistant. (rC++)
                  | [Jiyva's grace]
 37901 | Vaults:4 | Gained mutation: Your flesh is almost immune to the effects
                  | of cold. (rC+++) [Jiyva's grace]
 37901 | Vaults:4 | Gained mutation: Your skin changes colour to match your
                  | surroundings (Stealth+). [Jiyva's grace]
 37901 | Vaults:4 | Gained mutation: Your skin blends seamlessly with your
                  | surroundings (Stealth++). [Jiyva's grace]
 38311 | Vaults:4 | Reached XP level 21. HP: 210/210 MP: 20/20
 38758 | Vaults:4 | Found Icihuom's Assorted Antiques.
 39452 | Vaults:4 | Found Icihuom's Assorted Antiques.
 39861 | Vaults:5 | Entered Level 5 of the Vaults
 39862 | Vaults:5 | Noticed a golden dragon
 39869 | Vaults:5 | Noticed a golden dragon
 39906 | Vaults:5 | Killed a golden dragon
 39910 | Vaults:5 | Killed a golden dragon
 40250 | Vaults:5 | Noticed a golden dragon
 40271 | Vaults:5 | Killed a golden dragon
 40441 | Vaults:5 | Identified the +1 plate armour of a bailey {-Tele rF+ Dex+2
                  | Slay+4}
 40530 | Vaults:5 | Identified the +0 ring mail of Chimes {rF+ Will- Int+3}
 40532 | Vaults:5 | Identified the +2 scale mail of Privacy {-Tele rElec rPois
                  | Dex+5}
 40712 | Vaults:5 | Identified the +1 plate armour of Rafud {rElec rC- Str+2
                  | SInv}
 40806 | Vaults:5 | Identified the +6 plate armour of Divine Compulsion {Harm
                  | rElec rC+ Slay+3}
 40840 | Vaults:5 | Got a silver rune of Zot
 40909 | Vaults:5 | Identified the +2 scale mail "Uhiq" {Will+ Str-2 Int+3}
 40914 | Vaults:5 | Identified the +0 ring mail of the Harp {Fly rElec rF-
                  | Will++}
 41203 | Vaults:5 | Identified the +0 plate armour "Wetehi" {Fly rN+ Regen+}
 41206 | Vaults:5 | Identified the +2 flail "Laggoewi" {heavy, *Noise Str+3
                  | Int+3}
 41540 | Vaults:4 | Bought glowing gold dragon scales for 3237 gold pieces
 41691 | Crypt:1  | Entered Level 1 of the Crypt
 41719 | Crypt:1  | Reached XP level 22. HP: 222/222 MP: 21/21
 41870 | Crypt:1  | Lost mutation: Your pliable body absorbs attacks. (AC +2,
                  | EV +2) [Jiyva's grace]
 41870 | Crypt:1  | Lost mutation: You have a small jelly attached to you that
                  | senses nearby items. [Jiyva's grace]
 41870 | Crypt:1  | Gained mutation: You have sharp toenails. [Jiyva's grace]
 41870 | Crypt:1  | Gained mutation: You have razor-sharp toenails. [Jiyva's
                  | grace]
 41870 | Crypt:1  | Gained mutation: You have claws for feet. [Jiyva's grace]
 41870 | Crypt:1  | Gained mutation: Your melee attacks may engulf your foes in
                  | ooze. [Jiyva's grace]
 42003 | Crypt:1  | Noticed Xtahua
 42025 | Crypt:1  | Killed Xtahua
 42655 | Crypt:2  | Noticed a royal mummy
 42661 | Crypt:2  | Noticed a royal mummy
 42664 | Crypt:2  | Noticed Khufu
 42668 | Crypt:2  | Noticed a royal mummy
 42671 | Crypt:2  | Killed a royal mummy
 42678 | Crypt:2  | Slimified a royal mummy
 42678 | Crypt:2  | a royal mummy changed into an azure jelly
 42703 | Crypt:2  | Killed a royal mummy
 42786 | Crypt:2  | Slimified Khufu
 42786 | Crypt:2  | Khufu changed into Khufu the acid blob
 42786 | Crypt:2  | Noticed Khufu
 43481 | Crypt:2  | Lost mutation: You are completely covered in large bone
                  | plates. (SH +8) [Jiyva's grace]
 43481 | Crypt:2  | Lost mutation: Your skin blends seamlessly with your
                  | surroundings (Stealth++). [Jiyva's grace]
 43481 | Crypt:2  | Lost mutation: Your rubbery body absorbs attacks. (AC +1,
                  | EV +1) [Jiyva's grace]
 43481 | Crypt:2  | Gained mutation: You expend magic power (3 MP) to
                  | strengthen your wands. [Jiyva's grace]
 43481 | Crypt:2  | Gained mutation: You are covered in thick fur. (AC +2)
                  | [Jiyva's grace]
 43481 | Crypt:2  | Gained mutation: Your thick and shaggy fur keeps you warm.
                  | (AC +3, rC+) [Jiyva's grace]
 43481 | Crypt:2  | Gained mutation: You have supernaturally acute eyesight.
                  | (SInv) [Jiyva's grace]
 44041 | Crypt:3  | Entered Level 3 of the Crypt
 44347 | Crypt:3  | Found an ancient bone altar of Kikubaaqudgha.
 44764 | Crypt:3  | Identified the +2 scale mail "Kelor" {rF+ Will+ SInv}
 44809 | Crypt:3  | Identified the +7 mace "Fupoyn" {pain, Str+4}
 44841 | Crypt:3  | Noticed a royal mummy
 44910 | Crypt:3  | Slimified a royal mummy
 44910 | Crypt:3  | a royal mummy changed into an acid blob
 44977 | Crypt:3  | Found a staircase to the Tomb.
 45326 | Crypt:3  | Identified the amulet "Rufrul" {Will+ Regen+ Str+3 Stlth+}
 45326 | Crypt:3  | Identified the ring "Boannuca" {rN+ Will+}
 45592 | Vaults:2 | Noticed Donald
 45597 | Vaults:2 | Reached XP level 23. HP: 223/232 MP: 22/22
 45618 | Vaults:2 | Killed Donald
 45763 | Depths:1 | Entered Level 1 of the Depths
 45867 | D:15     | Upgraded the game from 0.31-a0-437-g7cee417757 to
                  | 0.31-a0-446-g07c4bd200f
 46087 | Depths:1 | Identified the +1 helmet of the Griffon {rF- rN+ Str+5}
 46109 | Depths:1 | Found Umafap's Assorted Antiques.
 46114 | Depths:1 | Found Noxzi's Jewellery Shoppe.
 46282 | Depths:1 | Found a gateway to Hell.
 46580 | Depths:1 | Found a white marble altar of Elyvilon.
 46941 | Depths:2 | You are sucked into a shaft and drop 2 floors!
 46941 | Depths:4 | Entered Level 4 of the Depths
 46941 | Depths:4 | Found an ornate altar of the Wu Jian Council.
 47060 | Depths:4 | Found a gate to the Realm of Zot.
 47406 | Depths:4 | Noticed a juggernaut
 47419 | Depths:4 | Killed a juggernaut
 47564 | Depths:4 | Lost mutation: You have claws for feet. [Jiyva's grace]
 47564 | Depths:4 | Lost mutation: You have supernaturally acute eyesight.
                  | (SInv) [Jiyva's grace]
 47564 | Depths:4 | Lost mutation: Your thick and shaggy fur keeps you warm.
                  | (AC +3, rC+) [Jiyva's grace]
 47564 | Depths:4 | Lost mutation: Your melee attacks may engulf your foes in
                  | ooze. [Jiyva's grace]
 47564 | Depths:4 | Gained mutation: Your melee attacks may engulf your foes in
                  | ooze. [Jiyva's grace]
 47564 | Depths:4 | Gained mutation: Your mind is acute. (Int +4, Str/Dex -1)
                  | [Jiyva's grace]
 47564 | Depths:4 | Gained mutation: Your mind is very acute. (Int +8, Str/Dex
                  | -2) [Jiyva's grace]
 47564 | Depths:4 | Gained mutation: You are partially covered in iridescent
                  | scales. (AC +2) [Jiyva's grace]
 48445 | Depths:3 | Found a radiant altar of Vehumet.
 48488 | Depths:3 | Reached skill level 27 in Armour
 48700 | Depths:2 | Found a one-way gateway to a ziggurat.
 48736 | Depths:2 | Reached skill level 27 in Shields
 48971 | Depths:2 | Found a runed translucent door.
 48972 | Depths:2 | Found a runed translucent door.
 48973 | Depths:2 | Found a runed translucent door.
 49207 | Depths:2 | Reached XP level 24. HP: 240/241 MP: 22/22
 49489 | Depths:2 | Found a one-way gate leading to the halls of Pandemonium.
 49643 | Depths:2 | Found a runed translucent door.
 49648 | Depths:2 | Found a runed translucent door.
 49828 | Depths:2 | Found a runed translucent door.
 49961 | Depths:2 | Identified the staff of Hatred {Str+3 Earth}
 50240 | Zot:1    | Entered Level 1 of the Realm of Zot
 50351 | Depths:1 | Bought a ring of protection from fire for 375 gold pieces
 50351 | Depths:1 | Bought the amulet of Equivalence {Reflect rElec rPois Will+
                  | SH+5} for 807 gold pieces
 51512 | Zot:1    | Noticed Vv
 51537 | Zot:1    | Killed Vv
 51592 | Zot:1    | Lost mutation: You have razor-sharp toenails. [Jiyva's
                  | grace]
 51592 | Zot:1    | Lost mutation: Your mind is very acute. (Int +8, Str/Dex
                  | -2) [Jiyva's grace]
 51592 | Zot:1    | Lost mutation: Your mind is acute. (Int +4, Str/Dex -1)
                  | [Jiyva's grace]
 51592 | Zot:1    | Gained mutation: You have razor-sharp toenails. [Jiyva's
                  | grace]
 51592 | Zot:1    | Gained mutation: You have claws for feet. [Jiyva's grace]
 51592 | Zot:1    | Gained mutation: You are agile. (Dex +4, Str/Int -1)
                  | [Jiyva's grace]
 51592 | Zot:1    | Gained mutation: You are very agile. (Dex +8, Str/Int -2)
                  | [Jiyva's grace]
 51861 | Zot:1    | Reached skill level 10 in Dodging
 53587 | Zot:3    | Lost mutation: You are mostly covered in large bone plates.
                  | (SH +6) [Jiyva's grace]
 53587 | Zot:3    | Lost mutation: You are covered in thick fur. (AC +2)
                  | [Jiyva's grace]
 53587 | Zot:3    | Lost mutation: You expend magic power (3 MP) to strengthen
                  | your wands. [Jiyva's grace]
 53587 | Zot:3    | Lost mutation: Your melee attacks may engulf your foes in
                  | ooze. [Jiyva's grace]
 53587 | Zot:3    | Gained mutation: You passively map a small area around you.
                  | [Jiyva's grace]
 53587 | Zot:3    | Gained mutation: You passively map the area around you.
                  | [Jiyva's grace]
 53587 | Zot:3    | Gained mutation: You passively map a large area around you.
                  | [Jiyva's grace]
 53587 | Zot:3    | Lost mutation: Your skin changes colour to match your
                  | surroundings (Stealth+). [Jiyva's grace]
 53587 | Zot:3    | Gained mutation: Your translucent skin slightly reduces
                  | your foes' accuracy. (Stealth+) [Jiyva's grace]
 53868 | Zot:3    | Reached skill level 27 in Fighting
 54333 | Zot:4    | Identified the +8 plate armour "Urot" {Fly Str+5}
 54357 | Zot:4    | Reached XP level 25. HP: 252/257 MP: 22/22
 54385 | Zot:4    | Found the macabre finger necklace {Finger+ rN+}
 54388 | Zot:4    | Found a transporter.
 54527 | Zot:4    | Found a transporter.
 54839 | Zot:4    | Found the +0 mask of the Dragon {Will+ Slay+3 SInv}
 54868 | Zot:4    | Found a transporter.
 54971 | Zot:4    | Found a transporter.
 55713 | Zot:5    | Entered Level 5 of the Realm of Zot
 55930 | Zot:5    | Noticed a Killer Klown
 55942 | Zot:5    | Killed a Killer Klown
 56079 | Zot:5    | Noticed an orb of fire
 56165 | Zot:5    | Reached skill level 27 in Maces & Flails
 56294 | Zot:5    | Gained mutation: You do not regenerate when monsters are
                  | visible. [mutagenic glow]
 56295 | Zot:5    | Lost mutation: You do not regenerate when monsters are
                  | visible. [potion of mutation]
 56295 | Zot:5    | Lost mutation: You are partially covered in large bone
                  | plates. (SH +4) [potion of mutation]
 56295 | Zot:5    | Lost mutation: Your flesh is almost immune to the effects
                  | of cold. (rC+++) [potion of mutation]
 56295 | Zot:5    | Lost mutation: You possess an exceptional clarity of mind.
                  | [potion of mutation]
 56307 | Zot:5    | Noticed an orb of fire
 56320 | Zot:5    | Killed an orb of fire
 56321 | Zot:5    | Reached skill level 1 in Throwing
 56374 | Zot:5    | Noticed a Killer Klown
 56394 | Zot:5    | Killed a Killer Klown
 56524 | Zot:5    | Noticed a Killer Klown
 56546 | Zot:5    | Killed a Killer Klown
 56624 | Zot:5    | Noticed a Killer Klown
 56635 | Zot:5    | Killed a Killer Klown
 56853 | Zot:5    | Noticed a dread lich
 56857 | Zot:5    | Noticed an orb of fire
 56859 | Zot:5    | Noticed a Killer Klown
 56866 | Zot:5    | Slimified a dread lich
 56866 | Zot:5    | a dread lich changed into an azure jelly
 56870 | Zot:5    | Noticed a Killer Klown
 56873 | Zot:5    | Killed an orb of fire
 56873 | Zot:5    | Killed a Killer Klown
 56875 | Zot:5    | Noticed an ancient lich
 56879 | Zot:5    | Killed a Killer Klown
 56879 | Zot:5    | Noticed an ancient lich
 56884 | Zot:5    | Noticed an orb of fire
 56889 | Zot:5    | Killed an orb of fire
 56889 | Zot:5    | Killed an ancient lich
 56896 | Zot:5    | Killed an ancient lich
 56903 | Zot:5    | Noticed a Killer Klown
 56909 | Zot:5    | Killed an orb of fire
 56910 | Zot:5    | Reached XP level 26. HP: 228/266 MP: 22/22
 56973 | Zot:5    | Reached skill level 15 in Dodging
 57034 | Zot:5    | Got the Orb of Zot
 57088 | Zot:5    | Gained mutation: You are weak. (Str -2) [a cacodemon]
 57218 | Zot:5    | Noticed Licosk the pandemonium lord
 57233 | Zot:5    | Killed Licosk the pandemonium lord
 57391 | Zot:4    | Noticed Uluumeg the pandemonium lord
 58116 | D:2      | Noticed Okomn the pandemonium lord
 58188 | D:$      | Escaped with the Orb!

Illustrated notes

Levels and vault maps discovered:
D:1:      eino_arrival_cavern_a, layout_rooms
D:2:      layout_basic, shapermc_ecumenical_altar_petra
D:3:      layout_basic, mainiacjoe_overflow_cross_hatched,
          mainiacjoe_overflow_paths, ebering_ghost_disaster_area, uniq_jessica
D:4:      cheibrodos_quashed, layout_cave_pools,
          mainiacjoe_overflow_surrounded_room, serial_bayou_pond_b
D:5:      layout_basic, nicolae_shop_firing_range, uniq_sigmund
D:6:      layout_layer_cave, kennysheep_mini, nicolae_ru_awakened_eye,
          uniq_duvessa, uniq_maggie, uniq_blork_the_orc
D:7:      layout_loops_ring, nicolae_uskayaw_suspiria, minmay_temple_entry_trees
D:8:      layout_loops_corners, kennysheep_opposing_triangles, uniq_joseph
D:9:      layout_basic, enter_bailey_8, serial_bayou_pond_b,
          grunt_decor_fettered, uniq_grum
D:10:     layout_long_grid, erik_lair_orcish_takeover, orc_0_dummy
D:11:     layout_stronghold, serial_shops, shop
D:12:     lemuel_castle_with_subvaults [lemuel_castle_interior_carwin_1],
          layout_irregular_city, serial_ice, serial_ice_e, serial_ice_a,
          serial_ice_k, serial_ice_g, portal_ice_cave_entry_pillars_1,
          serial_shops, shop
D:13:     layout_basic, david_vaults_2
D:14:     layout_stronghold
D:15:     gammafunk_depths_entry_grave, layout_rooms, hangedman_decor_lopped,
          nrook_guardian_serpent_ordinary
Lair:1:   layout_cave_pods
Lair:2:   layout_regular_city, swamp_mist_pool,
          nicolae_spider_entry_non_spiders, uniq_urug
Lair:3:   layout_regular_city, st_stairs_10, fungi_pond_lemuel,
          grunt_megastairs_2
Lair:4:   layout_cellular_growth, slime_entry_1, kilobyte_rumbling_trees
Lair:5:   wormcave, layout_cave_pods, hangedman_lair_caniforms_friends,
          enter_volcano_2, lemuel_fruit_fields
Swamp:1:  layout_falls_marsh, evilmike_swamp_ruin_wall, swamp_pool3,
          ldierk_geyser, infiniplex_staircase_pool_2
Swamp:2:  layout_basic_swamp, evilmike_swamp_ruin_house_1
Swamp:3:  layout_falls_marsh, evilmike_swamp_ruin_house_4, swamp_pool3,
          infiniplex_staircase_pool
Swamp:4:  swamp_old_school, layout_basic_swamp
Spider:1: nicolae_spider_hilbert_zone_1 [nicolae_spider_hilbert_4_sides_1_open,
          nicolae_spider_hilbert_4_sides_1_open,
          nicolae_spider_hilbert_4_sides_1_open,
          nicolae_spider_hilbert_4_sides_1_open,
          nicolae_spider_hilbert_3_sides_1_open,
          nicolae_spider_hilbert_3_sides_1_open,
          nicolae_spider_hilbert_3_sides_1_open,
          nicolae_spider_hilbert_3_sides_1_open,
          nicolae_spider_hilbert_3_sides_1_open,
          nicolae_spider_hilbert_6_sides_1_open,
          nicolae_spider_hilbert_6_sides_1_open,
          nicolae_spider_hilbert_3_sides_1_open,
          nicolae_spider_hilbert_3_sides_1_open,
          nicolae_spider_hilbert_3_sides_1_open,
          nicolae_spider_hilbert_3_sides_1_open,
          nicolae_spider_hilbert_2_sides_1_open], nicolae_spider_scorpion_nest,
          uniq_aizul
Spider:2: layout_spider_delve, lemuel_hornet_nest
Spider:3: layout_spider_delve, gammafunk_ghost_arena,
          nicolae_spider_moth_buddies
Spider:4: spider_rune_water
Slime:1:  layout_caves
Slime:2:  layout_caves
Slime:3:  layout_caves
Slime:4:  cheibrodos_slime_lost_civilization_8, layout_caves
Slime:5:  slime_pit_nicolae_jellycorners
Orc:1:    layout_caves, gammafunk_ghost_abyssal_escape, minmay_orc_barracks,
          uniq_erica, uniq_sonja
Orc:2:    st_orc_rangers, layout_caves, minmay_orc_treasury
Elf:1:    eino_elf_arrival_shootout, layout_geoelf_diagonals, serial_shops,
          nicolae_shop_tiny_real_fake_doors, kennysheep_underground_church,
          minmay_misc_feat_diagonals
Elf:2:    nicolae_elf_blades_crystal_corner, layout_gridlike
Elf:3:    minmay_elf_hall_dome, layout_rooms, nrook_uturn, uniq_roxanne
Vaults:1: nicolae_vaults_tangram_1, nicolae_vaults_sesquioval_fish,
          nicolae_vaults_stairing_the_circle, nicolae_vaults_tetromino_Z_2,
          nicolae_vaults_ring_of_whatevers, nicolae_vaults_sesquioval_fish,
          vaults_dpeg_ring, v_misc_26, vaults_room_pool,
          nicolae_vaults_apartment_1, v_misc_12,
          nicolae_vaults_windows_and_doors_thing, nicolae_vaults_trapezoid_1,
          layout_vaults_omnicross, serial_shops, nicolae_shop_window_shopping
Vaults:2: nicolae_vaults_closet_pinwheel_6, ontoclasm_vaults_fault, v_misc_18,
          nicolae_vaults_meeting, nicolae_vaults_double_plus_1,
          hangedman_vaults_maws, layout_vaults_omnigrid, uniq_mennas,
          uniq_donald, uniq_nikola
Vaults:3: nicolae_vaults_twisting_passages, st_more_cells,
          nicolae_vaults_sightless_eye, hangedman_vaults_maws,
          nicolae_vaults_angled_halls, grunt_vaults_bifocal,
          nicolae_vaults_ring_of_whatevers, nicolae_vaults_house_2,
          nicolae_vaults_border_crossing, nicolae_vaults_rhombus_6,
          serial_ice_b, minmay_crypt_entry_nasty_monster,
          nicolae_vaults_little_squares_2, nicolae_vaults_little_squares_1,
          layout_vaults_ring, uniq_jory
Vaults:4: hangedman_vaults_stretched_pinwheel, v_pattern_3, v_alt_pattern_2,
          nicolae_vaults_shelves_hall, vaults_dpeg_doors,
          nicolae_vaults_closet_pinwheel_5, nicolae_vaults_triangles,
          nicolae_vaults_closet_pinwheel_1, v_misc_4, hangedman_vaults_impose,
          vaults_room_hallway, nicolae_vaults_trapezoid_lopsided_3,
          nicolae_vaults_oval_intersection, layout_vaults_omnibox, serial_shops,
          shop
Vaults:5
Crypt:1:  layout_chaotic_city, feat_on_display, uniq_xtahua
Crypt:2:  layout_catacombs, uniq_margery, uniq_khufu, uniq_grunn
Crypt:3:  grunt_crypt_end_deaths_head
Depths:1: layout_gridville, hangedman_decor_peaks_small, hell_entry,
          elyvilon_altar_1, serial_bayou_shore_a, minmay_shop_star
Depths:2: minmay_the_grid_triangle_9x9_recursive_3
          [minmay_the_grid_triangle_9x9_skeleton,
          minmay_the_grid_triangle_9x9_descending_squares,
          minmay_the_grid_triangle_9x9_subtriangle,
          minmay_the_grid_triangle_9x9_prize_schism,
          minmay_the_grid_triangle_9x9_fully_insulated_deathbox,
          minmay_the_grid_triangle_9x9_sparse_checkered,
          minmay_the_grid_triangle_9x9_tough_junction,
          minmay_the_grid_triangle_9x9_wacky_v,
          minmay_the_grid_triangle_9x9_swiss_cheese], layout_small_grid,
          enter_ziggurat_f, pf_coc_iceberg, rand_demon_pan_entry_4,
          dk_noncrumbling_4
Depths:3: minmay_diamond_stairs, layout_gridlike, kennysheep_nub, hell_entry,
          hangedman_abyss_entry_splay, nicolae_vehumet_altar_sigil
Depths:4: grunt_crosshair, layout_gridlike, hell_entry,
          nicolae_wu_jian_immortal_techniques
Zot:1:    layout_gridlike, nicolae_lava_and_water, hangedman_zot_decor_slant,
          uniq_vv
Zot:2:    layout_misc_corridors
Zot:3:    layout_onion
Zot:4:    gammafunk_sealed_arena, layout_cathedral_of_symmetry,
          chequers_guarded_unrand_mask_of_the_dragon
Zot:5:    layout_misc_corridors, st_stairs_6, grunt_ministairs_3

Skill      XL: |  1  2  3  4  5  6  7  8  9 10 11 12 13 14 15 16 17 18 19 20 21 22 23 24 25 26 |
---------------+-------------------------------------------------------------------------------+-----
Maces & Flails | 3 4 5 6 7 9 11 12 16 18 20 22 24 27 | 27.0
Fighting       | 5 9 10 12 14 16 18 19 21 22 23 24 25 27 | 27.0
Armour         | 5 8 13 16 18 19 21 22 23 24 25 26 27 | 27.0
Shields        | 7 10 13 16 18 19 21 22 23 24 25 26 27 | 27.0
Dodging        | 2 5 8 10 14 17 | 17.1
Evocations     | 2 4 6 8 |  8.0
Throwing       | 3 |  3.0

Action                     |  1- 3 |  4- 6 |  7- 9 | 10-12 | 13-15 | 16-18 | 19-21 | 22-24 | 25-27 || total
---------------------------+-------+-------+-------+-------+-------+-------+-------+-------+-------++-------
  Melee: Flail             |    78 |    34 |       |       |       |       |       |       |       ||   112
         Headbutt          |     6 |    16 |    40 |   121 |   261 |   421 |   645 |   768 |   282 ||  2560
         Whip              |       |    80 |   254 |   207 |       |       |       |       |       ||   541
         Bite              |       |     2 |    29 |    66 |   122 |       |       |       |       ||   219
         Kick              |       |       |    57 |   173 |   365 |   519 |   208 |  1207 |   423 ||  2952
         Morningstar       |       |       |       |   231 |       |       |       |       |       ||   231
         Demon whip        |       |       |       |    54 |  1167 |  1706 |  1991 |  2327 |   760 ||  8005
  Throw: Dart              |       |       |     3 |       |     1 |     1 |     1 |       |     1 ||     7
         Javelin           |       |       |       |     2 |       |       |     5 |    14 |     8 ||    29
 Invoke: Oozemancy         |       |       |       |     4 |     2 |     6 |     1 |     2 |     1 ||    16
         Slimify           |       |       |       |       |     1 |     2 |     2 |     4 |     1 ||    10
  Evoke: Wand              |       |       |       |     1 |     3 |     1 |     2 |     1 |     8 ||    16
         Lightning rod     |       |       |       |       |       |       |     1 |       |     1 ||     2
         Phial of floods   |       |       |       |       |       |       |       |     3 |     1 ||     4
    Use: Potion            |       |       |     1 |     2 |       |     3 |       |     3 |     6 ||    15
         Scroll            |       |       |       |     6 |     7 |    12 |     3 |     8 |     7 ||    43
   Stab: Distracted        |       |       |       |       |     1 |       |     1 |     2 |     1 ||     5
         Held in net/web   |       |       |       |       |       |     1 |       |       |       ||     1
 Armour: Scale mail        |    25 |     5 |       |    29 |     1 |       |       |       |       ||    60
         Plate armour      |       |    41 |    57 |    74 |   155 |   359 |   430 |   345 |       ||  1461
         Chain mail        |       |       |       |       |    39 |    29 |       |       |       ||    68
         Gold dragon scale |       |       |       |       |       |       |    50 |   137 |   279 ||   466
  Dodge: Dodged            |    28 |    24 |    27 |    89 |   188 |   614 |   387 |   315 |   212 ||  1884
  Block: Buckler           |    13 |    16 |    11 |       |       |       |       |       |       ||    40
         Tower shield      |       |       |    75 |   323 |   865 |  1513 |  1667 |  2119 |   880 ||  7442
         Reflection        |       |       |       |       |    36 |    40 |    49 |     8 |    15 ||   148
         Form:             |       |       |       |       |     2 |       |       |       |       ||     2
         Storm             |       |       |       |       |     2 |       |       |       |       ||     2

Table legend: (Time is in decaauts)
 A = Elapsed time spent in this place.
 B = Non-inter-level travel time spent in this place.
 C = Inter-level travel time spent in this place.
 D = Time resting spent in this place.
 E = Time spent auto-exploring this place.
 F = Levels seen in this place.
 G = Mean time per level.
                   A        B        C        D        E       F      G
               +--------+--------+--------+--------+--------+-----+--------+
         Total |  54437 |  47238 |   7199 |    831 |  30005 |  57 |  955.0 |
       Dungeon |  14919 |  11590 |   3329 |    114 |   8081 |  15 |  994.6 |
          Lair |   4432 |   4061 |    371 |      0 |   3135 |   5 |  886.4 |
         Swamp |   2162 |   2053 |    109 |      0 |   1381 |   4 |  540.5 |
   Spider Nest |   4260 |   3936 |    324 |     48 |   2552 |   4 | 1065.0 |
    Slime Pits |   1393 |   1240 |    153 |      0 |   1145 |   5 |  278.6 |
  Orcish Mines |   2672 |   2113 |    559 |      0 |   1053 |   2 | 1336.0 |
   Elven Halls |   3549 |   3160 |    389 |     54 |   1477 |   3 | 1183.0 |
        Vaults |   6304 |   5652 |    652 |     39 |   3828 |   5 | 1260.8 |
         Crypt |   3666 |   3216 |    450 |    102 |   1904 |   3 | 1222.0 |
        Depths |   4432 |   3922 |    510 |     51 |   2358 |   4 | 1108.0 |
           Zot |   5479 |   5130 |    349 |    330 |   2723 |   5 | 1095.8 |
      Ice Cave |    462 |    462 |      0 |     93 |      0 |   1 |  462.0 |
       Volcano |    701 |    701 |      0 |      0 |    364 |   1 |  701.0 |
               +--------+--------+--------+--------+--------+-----+--------+

Top non-repeatable levels by time:
Vaults:4: 2030 daAuts
Spider:1: 1892 daAuts
   Zot:4: 1559 daAuts
   Orc:2: 1502 daAuts
    D:11: 1486 daAuts
     D:8: 1459 daAuts
Depths:2: 1434 daAuts
    D:12: 1434 daAuts
 Crypt:2: 1389 daAuts
Vaults:5: 1376 daAuts
   Zot:5: 1371 daAuts
 Crypt:3: 1361 daAuts
Vaults:3: 1334 daAuts
   Elf:1: 1315 daAuts
    D:14: 1267 daAuts
